 Dungeon Crawl Stone Soup version 0.29.0-4-gdea44cf6ec (webtiles) character file.

Game seed: 4025250325170989161

10 qw the Vexing (level 2, 27/27 HPs)
             Began as an Ogre Enchanter on Sept 3, 2022.
             Quit the game on level 1 of the Dungeon.
             The game lasted 00:00:21 (843 turns).

qw the Vexing (Ogre Enchanter)                       Turns: 843, Time: 00:00:22

Health: 27/27      AC:  3    Str: 11    XL:     2   Next: 20%
Magic:  5/5        EV:  9    Int: 16    God:
Gold:   0          SH:  0    Dex:  9    Spells: 5/5 levels left

rFire   . . .      SeeInvis .   d - +0 club
rCold   . . .      Faith    .   (no shield)
rNeg    . . .      Spirit   .   b - +0 robe
rPois   .          Reflect  .   (helmet restricted)
rElec   .          Harm     .   (no cloak)
rCorr   .          Rampage  .   (gloves unavailable)
Will    .....                   (boots unavailable)
Stlth   ++........              (no amulet)
HPRegen 0.09/turn               (no ring)
MPRegen 0.09/turn               (no ring)

@: no status effects
A: large, unfitting armour, tough skin 1
a: no special abilities


You were on level 1 of the Dungeon.
You visited 1 branch of the dungeon, and saw 1 of its levels.


Innate Abilities, Weirdness & Mutations

You are too large for most types of armour.
You have tough skin. (AC +1)


   Skills:
 - Level 1.1 Fighting
 - Level 0.8 Short Blades
 + Level 1.2 Maces & Flails
 - Level 1.7 Dodging
 - Level 2.1 Stealth
 - Level 2.4 Spellcasting
 - Level 2.6 Hexes


You had 5 spell levels left.
You didn't know any spells.
Your spell library contained the following spells:

 Spells                   Type           Power      Damage    Failure   Level
 Ensorcelled Hibernation  Hex/Ice        12%        N/A       17%         2
 Confusing Touch          Hex            10%        N/A       21%         3
 Tukima's Dance           Hex            10%        N/A       21%         3
 Dazzling Flash           Conj/Hex       12%        N/A       34%         3

Inventory:

Hand Weapons
 d - a +0 club (weapon)
Armour
 b - a +0 robe (worn)
Jewellery
 e - a ring of resist corrosion
Scrolls
 a - a scroll of enchant armour {unknown}
 f - 2 scrolls of summoning {unknown}
 g - a scroll of identify {unknown}
Potions
 c - 2 potions of invisibility
 h - a potion of resistance {unknown}

Dungeon Overview and Level Annotations

Branches:
Dungeon (1/15)

Altars:


Message History

The giant cockroach is moderately wounded.
The giant cockroach bites you. x2
You hit the giant cockroach but do no damage.
The giant cockroach is moderately wounded.
The giant cockroach misses you.
You hit the giant cockroach.
The giant cockroach is heavily wounded.
The giant cockroach bites you.
The giant cockroach bites you but does no damage.
You hit the giant cockroach.
You kill the giant cockroach!
You start resting.
HP restored.
You see here a giant cockroach corpse.
Found a book of the Hunter.
h - a fizzy blue potion A hobgoblin comes into view.
Enter note: The hobgoblin shouts!
Welcome back, qw the Ogre Enchanter.
Press ? for a list of commands and other information.
Existing waypoints: (2) D:1 Assign waypoint to what number? (0-9, D - delete waypoint) Waypoint 2 re-assigned to D:1.
Enter note:
Enter note:
Enter note:
Enter note:
Enter note:
Enter note:
Enter note:
Enter note:
Enter note:
Enter note:
Enter note:
Enter note:
Enter note:
843 ||| PLANNING D:1-11 Are you sure you want to abandon this character and quit the game? (Confirm with "yes".)

.. ....####..........#
... ...##.......##..#
#.. #.#..##........#
#.. #....###...#####
#.###...## #...# #
#......# #...# #
#.....## #...# #
#.#.#....##. #...#####
#.g...@.##..###...#...#
........##
..........#.. .......##
.........###. .....?#
..........#.. .#....
#####...#...# #....
#...##### ###. #...# #
#. #...# #...#


You could see a hobgoblin.

Vanquished Creatures
  A dart slug (D:1)
  A bat (D:1)
  2 giant cockroaches (D:1)
  A goblin (D:1)
  A hobgoblin (D:1)
  A kobold (D:1)
7 creatures vanquished.

Notes
Turn   | Place    | Note
-------+----------+-------------------------------------------
     0 | D:1      | qw the Ogre Enchanter began the quest for the Orb.
     0 | D:1      | Reached XP level 1. HP: 16/16 MP: 3/3
     0 | D:1      | 0 ||| qw: Version: 0.1-a-100-g36b9a1f
     0 | D:1      | 0 ||| qw: Game counter: 5061
     0 | D:1      | 0 ||| qw: Always use a shield: true
     0 | D:1      | 0 ||| qw: God list: Okawaru
     0 | D:1      | 0 ||| qw: Allow faded altars: false
     0 | D:1      | 0 ||| qw: Do Orc after D:15 true
     0 | D:1      | 0 ||| qw: Do second Lair branch before Depths: true
     0 | D:1      | 0 ||| qw: Lair rune preference: random
     0 | D:1      | 0 ||| qw: Plans: Normal
     0 | D:1      | 0 ||| PLANNING D:1-11
   183 | D:1      | 183 ||| SWAPPING to +0 club.
   184 | D:1      | 184 ||| DROPPING +1 dagger.
   294 | D:1      | 294 ||| Stepping ~*~*~tactically~*~*~ (stealth).
   472 | D:1      | Found a faded altar of an unknown god.
   595 | D:1      | Reached skill level 1 in Maces & Flails
   673 | D:1      | Reached skill level 1 in Fighting
   673 | D:1      | Reached XP level 2. HP: 25/27 MP: 5/5
   843 | D:1      | 843 ||| PLANNING D:1-11
   843 | D:1      | Quit the game

Levels and vault maps discovered:
D:1:      saegor_arrival_simple_b, layout_loops_cross,
          shapermc_ecumenical_altar_venn, nrook_mini_backslash,
          hangedman_decor_peaks_small, wad_floor_pattern_untrapped

Skill      XL: |  1 |
---------------+----+-----
Maces & Flails | 1 |  1.2
Fighting       | 1 |  1.1
Short Blades   | |  0.8
Dodging        | |  1.7
Stealth        | |  2.1
Spellcasting   | |  2.4
Hexes          | |  2.6

Action                   || total
-------------------------++-------
Melee: Club              ||    28
       Dagger            ||     6
       Punch             ||     1
Armor: Robe              ||    11
Dodge: Dodged            ||    18

Table legend:
 A = Non-vault XP
 B = Vault XP
 C = Vault XP percentage of total XP
 D = Non-vault monster count
 E = Vault monster count
 F = Vault count percentage of total count
                 A         B        C        D         E       F
            +---------+---------+-------+---------+---------+-------
      Total |      15 |       0 |   0.0 |       7 |       0 |   0.0
            +---------+---------+-------+---------+---------+-------
        D:1 |      15 |       0 |   0.0 |       7 |       0 |   0.0
            +---------+---------+-------+---------+---------+-------
